 Dungeon Crawl Stone Soup version 0.31-a0-1009-g454b1f1e0a (webtiles) character file.

Game seed: 664744384818097853

163 Avanven the Scratcher (level 5, 23/23 HPs)
             Began as a Felid Shapeshifter on Nov 15, 2023.
             Quit the game on level 5 of the Dungeon.
             The game lasted 00:06:49 (2871 turns).

Avanven the Scratcher (Felid Shapeshifter)          Turns: 2871, Time: 00:06:49

Health: 23/23      AC:  1    Str: 12    XL:     5   Next: 20%
Magic:  6/6        EV: 17    Int: 12    God:
Gold:   245        SH:  0    Dex: 15    Spells: 4/4 levels left
                                        Lives:  0   Deaths: 2

rFire   . .          .
                       - Unarmed
rCold   . . .        (shield unavailable)
rNeg    . . .        (body armour unavailable)
rPois   .            (helmet unavailable)
rElec   .            (cloak unavailable)
rCorr   .            (gloves unavailable)
SInv    +            (boots unavailable)
Will    .....        (no amulet)
Stlth   +            (no ring)
HPRegen 0.23/turn    (no ring)
MPRegen 0.10/turn

%: no passive effects
@: beast-form, quick
A: beast (slay +2), very small, claws 1, fangs 3, see invisible, speed 1, shaggy
fur 1, stealthy paws, no weapons or thrown items, no armour, multi-lived
a: Begin Untransformation


You were on level 5 of the Dungeon.
You were a hulking beast.
You visited 1 branch of the dungeon, and saw 5 of its levels.

You collected 245 gold pieces.

Inventory:

Jewellery
 k - an amulet of magic regeneration
 A - a +5 ring of evasion
Talismans
 b - a beast talisman
 c - a flux talisman
Wands
 x - a wand of charming (3)
 y - a wand of roots (10)
Scrolls
 d - 2 scrolls of enchant weapon {unknown}
 e - 2 scrolls of blinking {unknown}
 f - 4 scrolls of identify {unknown}
 g - a scroll of amnesia {unknown}
 l - 4 scrolls of revelation {unknown}
 n - 2 scrolls of brand weapon {unknown}
 p - 2 scrolls of teleportation {unknown}
 z - a scroll of silence {unknown}
Potions
 a - a potion of lignification
 h - a potion of mutation {unknown}
 i - 2 potions of heal wounds {unknown}
 j - a potion of invisibility {unknown}
 m - 4 potions of might {unknown}
 o - 2 potions of curing {unknown}
 q - 3 potions of brilliance {unknown}
 r - a potion of enlightenment {unknown}
 s - a potion of degeneration {unknown}
 t - a potion of cancellation {unknown}
 u - a potion of attraction {unknown}
 v - 2 potions of haste {unknown}
 w - 2 potions of berserk rage {unknown}


   Skills:
 + Level 2.5 Fighting
 - Level 2.6 Dodging
 * Level 4.7 Unarmed Combat
 + Level 4.1 Shapeshifting


You had 4 spell levels left.
You didn't know any spells.
Your spell library contained the following spells:

 Spells                   Type           Power      Damage    Failure   Level
 Alistair's Intoxication  Tmut/Pois      0%         N/A       100%        5
 Borgnjor's Vile Clutch   Necr/Erth      0%         N/A       100%        5
 Eringya's Noxious Bog    Tmut/Pois      0%         4d6       100%        6


Dungeon Overview and Level Annotations

Branches:
Dungeon (5/15)
 Temple: D:4-7

Altars:
Dithmenos


Innate Abilities, Weirdness & Mutations

You are a hulking beast.
Your limbs bulge with bestial killing power. (Slay +2)
You have sharp claws.
You have razor-sharp teeth.
You have supernaturally acute eyesight. (SInv)
You cover ground quickly. (Speed+)
You are covered in fur. (AC +1)
Your paws help you pounce on unaware monsters.
You are incapable of wielding weapons or throwing items.
You cannot wear armour.
You gain extra lives every three experience levels.


Message History

The gnoll hits you with a +0 whip!
You die...
Your shape twists and changes as you die.
You rejoin the land of the living...
Found four items.
Found a stone staircase leading up.
i - 2 smoky sapphire potions (gained 1)
l - 4 scrolls labelled JITETW GIJIOT (gained 1)
You hear the slow hiss of an avalanche of sand nearby.
Found a stone staircase leading down.
A jelly comes into view.
A jelly is nearby!
The jelly quivers.
You scratch the jelly.
Your paws burn!
You bite the jelly.
The jelly is heavily wounded.
You scratch the jelly. The acid corrodes you!
Your paws burn!
The jelly is almost dead.
The jelly hits you. The acid corrodes you!
You are splashed with acid.
You scratch the jelly but do no damage.
Your paws burn!
The jelly is almost dead.
The jelly misses you.
You are too injured to fight recklessly!
You are too injured to fight recklessly!
You are too injured to fight recklessly!
You scratch the jelly but do no damage.
Your paws burn!
* * * LOW HITPOINT WARNING * * *
The jelly is almost dead.
The jelly hits you.
* * * LOW HITPOINT WARNING * * *
You are splashed with acid!
You die...
Your shape twists and changes as you die.
You rejoin the land of the living...
Okay, then.
Annotate which branch? (. - D:5, ? - help, ! - show branch list)
Okay, then.
Are you sure you want to abandon this character and quit the game? (Confirm with "yes".)
Okay, then.
Unknown command.
Unknown command.
Are you sure you want to abandon this character and quit the game? (Confirm with "yes".)

.....
..##.#.####
.......
#.......
#........
#####.##
#....$....
####'#
###########
#...## ..
#.>.# #.##
..#...# #..#
######## #h#
...#.
#.....##.>.#.
####...#...#
..+## ... ..
.


There were no monsters in sight!

Vanquished Creatures
  A hound (D:4)
  An iguana (D:5)
  2 gnolls (D:5)
  A worm (D:3)
  3 dart slugs (D:1)
  8 orcs
  7 ball pythons
  2 bats
  7 endoplasms
  7 goblins
  7 hobgoblins
  2 jackals (D:1)
  5 kobolds
  3 quokkas
  3 frilled lizards
  5 rats
64 creatures vanquished.

Notes
Turn   | Place    | Note
-------+----------+-------------------------------------------
     0 | D:1      | Avanven the Felid Shapeshifter began the quest for the Orb.
     0 | D:1      | Reached XP level 1. HP: 9/9 MP: 2/2
   145 | D:1      | Reached XP level 2. HP: 12/12 MP: 3/3
   351 | D:1      | Reached XP level 3. HP: 10/15 MP: 4/4
  1143 | D:2      | Found a shadowy altar of Dithmenos.
  1214 | D:2      | Found a faded altar of an unknown god.
  1571 | D:3      | Reached XP level 4. HP: 12/19 MP: 5/5
  2439 | D:4      | Noticed a black bear
  2734 | D:5      | Entered Level 5 of the Dungeon
  2782 | D:5      | Reached XP level 5. HP: 23/23 MP: 6/6
  2812 | D:5      | Slain by a gnoll
  2870 | D:5      | Splashed by a jelly's acid
  2871 | D:5      | Quit the game

Illustrated notes

Levels and vault maps discovered:
D:1:      minmay_arrival_diagonal_passages, layout_rooms
D:2:      layout_loops_cross, basic_altar, basic_ecumenical_altar, wad_orctagon
D:3:      layout_loops_cross, guppyfry_early_orc_mine
D:4:      layout_rooms, hex_tiny
D:5:      old_forge, layout_basic, minmay_temple_entry_antechambers,
          nicolae_ossuary_entry_false_entrances, serial_library_hellmonk_room_c

Skill      XL: |  1  2  3  4 |
---------------+-------------+-----
Unarmed Combat | 4 |  4.7
Fighting       | 2 |  2.5
Shapeshifting  | 4 |  4.1
Dodging        | |  2.6

Action                     |  1- 3 |  4- 6 || total
---------------------------+-------+-------++-------
  Melee: Unarmed           |   106 |    57 ||   163
         Bite              |     6 |     4 ||    10
         Punch             |     1 |       ||     1
   Stab: Sleeping          |       |     3 ||     3
         Distracted        |       |     1 ||     1
 Armour: Skin              |    30 |    26 ||    56
  Dodge: Dodged            |    74 |    38 ||   112

Table legend: (Time is in decaauts)
 A = Elapsed time spent in this place.
 B = Non-inter-level travel time spent in this place.
 C = Inter-level travel time spent in this place.
 D = Time resting spent in this place.
 E = Time spent auto-exploring this place.
 F = Levels seen in this place.
 G = Mean time per level.
                   A        B        C        D        E       F      G
               +--------+--------+--------+--------+--------+-----+--------+
         Total |   2415 |   2328 |     87 |    305 |   1494 |   5 |  483.0 |
       Dungeon |   2415 |   2328 |     87 |    305 |   1494 |   5 |  483.0 |
               +--------+--------+--------+--------+--------+-----+--------+

Top non-repeatable levels by time:
     D:3: 737 daAuts
     D:2: 561 daAuts
     D:1: 509 daAuts
     D:4: 495 daAuts
     D:5: 112 daAuts
